 Dungeon Crawl Stone Soup version 0.18-a0-912-g81d1dc4 (webtiles) character file.

3992 JokEr the Fighter (level 10, -6/86 HPs)
             Began as a Purple Draconian Berserker on Dec 25, 2015.
             Was a High Priest of Trog.
             Killed from afar by a wretched star (24 damage)
             ... with an orb of energy
             ... on level 2 of the Abyss.
             The game lasted 00:27:26 (10718 turns).

JokEr the Fighter (Purple Draconian Berserker)     Turns: 10718, Time: 00:27:26

Health: -6/86      AC: 13    Str: 20    XL:     10   Next: 3%
Magic:  10/10      EV: 12    Int:  7    God:    Trog [*****.]
Gold:   397        SH:  0    Dex: 11    Spells: 0 memorised, 9 levels left

rFire  . . .     SeeInvis .     b - +2 glaive (vamp)
rCold  . . .     Gourm    .     (armour unavailable)
rNeg   + . .     Faith    .     (shield currently unavailable)
rPois  .         Spirit   .     (helmet restricted)
rElec  .         Dismiss  .     F - +2 cloak of the Sea {+Fly Dex+5}
rCorr  .         Reflect  .     m - +2 pair of gloves
SustAt +         Harm     .     (no boots)
MR     +....                    (no amulet)
Stlth  +.........               v - ring of sustain attributes
                                l - ring of positive energy

@: non-regenerating, badly diseased, somewhat resistant to hostile enchantments,
very unstealthy
A: breathe power, unfitting armour, blurry vision 1, clumsy 2, deterioration 1,
dopey 1, frail 1, screaming 1, weak 1, cold-blooded, subdued magic 2, AC +7
a: Breathe Dispelling Energy, Berserk, Trog's Hand, Brothers in Arms, Burn
Spellbooks, Renounce Religion, Evoke Flight


You were on level 2 of the Abyss.
You worshipped Trog.
Trog was extremely pleased with you.
You were not hungry.

You visited 1 branch of the dungeon, and saw 8 of its levels.
You visited the Abyss 1 time.

You collected 397 gold pieces.

Inventory:

Hand Weapons
 b - a +2 vampiric glaive (weapon)
Armour
 m - a +2 pair of gloves (worn)
 F - the +2 cloak of the Sea (worn) {+Fly Dex+5}
   (You found it on level 7 of the Dungeon)

   It affects your dexterity (+5).
   It lets you fly.
Jewellery
 l - a ring of positive energy (left hand)
 v - a ring of sustain attributes (right hand)
Scrolls
 e - 5 scrolls of remove curse
 t - a scroll of enchant armour
 z - a scroll of recharging
 D - a scroll of teleportation
Potions
 g - a potion of lignification
 i - a potion of curing
 j - a potion of agility
 k - a potion of cure mutation
 n - a potion of cancellation
 o - 2 potions of might
 p - 3 potions of magic
 q - a potion of flight
 u - 3 potions of heal wounds
 x - a potion of invisibility {unknown}
 B - a potion of ambrosia {unknown}
Comestibles
 c - a meat ration
 d - 2 slices of pizza
 h - 3 beef jerkies
 s - 3 fruits


   Skills:
 + Level 11.5 Fighting
 + Level 10.6 Polearms
 - Level 2.6 Dodging


You had 9 spell levels left.
You didn't know any spells.

Dungeon Overview and Level Annotations

Branches:
Dungeon (8/15)             Temple (0/1) D:6            Lair (0/8) D:8

Altars:
Ashenzari
Elyvilon
Gozag
Kikubaaqudgha
Nemelex Xobeh
Okawaru
Pakellas
Qazlal
Ru
Zin
The Shining One

Annotations:
D:8 Psyche


Innate Abilities, Weirdness & Mutations

You can breathe bolts of dispelling energy.
Your rich purple scales are hard (AC +7).
Your body does not fit into most forms of armour.
You are cold-blooded and may be slowed by cold attacks.
[Scrolls take you a little longer to read.]
[You are very clumsy. (Dex -4)]
[Your body sometimes deteriorates upon taking damage.]
[You are dopey. (Int -2)]
[You are frail (-10% HP).]
[You occasionally shout uncontrollably at your foes.]
[You are weak. (Str -2)]
[Your spells are easier to cast, but less powerful.]


Message History

You feel stupid.
You feel clumsy.
You feel clumsy.
Your vision blurs.
The apocalypse crab twists and deforms.
The great orb of eyes twists and deforms.
The quasit twists and deforms.
The apocalypse crab twists and deforms.
The quasit bites you but does no damage.
The quasit claws you but does no damage.
The quasit barely misses you.
You feel ill.
The wretched star pulses with an eldritch light!
Your connection to magic feels more subdued.
You feel the urge to shout.
The quasit twists and deforms.
The apocalypse crab twists and deforms.
The quasit closely misses you. The quasit barely misses you.
The quasit claws you but does no damage.
The wretched star glows turbulently.
The orb of energy hits the quasit.
The quasit dies!
The wretched star glows turbulently.
The orb of energy hits you!
You die...

..# .#. ..# ..# #
######## .## #.
#.####.##.#..... .#
#.@..x..#.##.# ##..
###.#...*t..## ....
...#....###.#.#..
.....##.#.# ##..#..#
....#...#..#..##..*. .
####.........##.##t#..
.#...#.#..##. . ...
#.##.## # ####...x# .
# # ##..


You could see a wretched star, an ancient zyme and an apocalypse crab.

Vanquished Creatures
  Pikel (D:4)
  The ghost of Dirtsage the Insei, a novice OpGl (D:5)
  Sigmund (D:3)
  A hungry ghost (D:8)
  Menkaure (D:4)
  Edmund (D:4)
  2 hippogriffs (D:8)
  Duvessa (D:4)
  An orc warrior (D:7)
  3 sky beasts
  2 slaves (D:4)
  3 phantoms
  An ogre (D:7)
  A giant frog (D:7)
  A scorpion (D:5)
  Dowan (D:4)
  3 wights (D:8)
  A quasit (D:5)
  3 crimson imps (D:6)
  A jelly (D:8)
  A giant frog skeleton (D:7)
  4 orc priests
  2 hounds
  Jessica (D:3)
  8 orc wizards
  Ijyb (D:2)
  Terence (D:2)
  Natasha (twice) (D:2)
  2 iguanas
  7 worker ants
  3 hound skeletons
  A worker ant zombie (D:6)
  Robin (D:3)
  11 adders
  7 gnolls
  2 shadow imps
  An ooze (D:5)
  3 adder skeletons
  2 adder zombies (D:5)
  5 worms
  2 giant geckos
  26 orcs
  3 bats
  10 hobgoblins
  9 jackals
  7 quokkas
  6 giant cockroaches
  2 giant gecko zombies
  6 giant newts
  16 goblins
  A jackal zombie (D:5)
  8 kobolds
  8 rats
199 creatures vanquished.

Vanquished Creatures (others)
  A quasit (Abyss:2)
  An adder (D:4)
2 creatures vanquished.

Grand Total: 201 creatures vanquished

Notes
Turn   | Place    | Note
--------------------------------------------------------------
     0 | D:1      | JokEr the Draconian Berserker began the quest for the Orb.
     0 | D:1      | Reached XP level 1. HP: 19/19 MP: 1/1
   307 | D:1      | Reached XP level 2. HP: 26/26 MP: 2/2
  1010 | D:2      | Reached skill level 4 in Fighting
  1010 | D:2      | Reached XP level 3. HP: 14/33 MP: 3/3
  1376 | D:2      | Noticed Natasha
  1387 | D:2      | Killed Natasha
  1387 | D:2      | Reached XP level 4. HP: 29/41 MP: 4/4
  1566 | D:2      | Found a faded altar to an unknown god.
  1573 | D:2      | Noticed Ijyb
  1675 | D:2      | Killed Ijyb
  1919 | D:2      | Found a glowing golden altar of the Shining One.
  1923 | D:2      | Noticed Terence
  1943 | D:2      | Killed Terence
  2317 | D:2      | Reached XP level 5. HP: 47/47 MP: 5/5
  2358 | D:2      | Noticed Natasha
  2365 | D:2      | Killed Natasha
  2365 | D:2      | Reached skill level 5 in Fighting
  2427 | D:2      | Reached ** piety under Trog
  2703 | D:3      | Noticed Jessica
  2713 | D:3      | Killed Jessica
  2886 | D:3      | Reached skill level 5 in Polearms
  3241 | D:3      | Noticed Robin
  3249 | D:3      | Killed Robin
  3267 | D:3      | Reached *** piety under Trog
  3618 | D:3      | Noticed Sigmund
  3636 | D:3      | Killed Sigmund
  3636 | D:3      | Reached skill level 6 in Fighting
  3636 | D:3      | Reached XP level 6. HP: 56/57 MP: 6/6
  4300 | D:4      | Found an ancient bone altar of Kikubaaqudgha.
  4300 | D:4      | Noticed Edmund
  4321 | D:4      | Killed Edmund
  4321 | D:4      | Your scales start taking on a rich purple colour.
  4321 | D:4      | Reached XP level 7. HP: 64/64 MP: 7/7
  4436 | D:4      | Reached skill level 7 in Fighting
  4554 | D:4      | Noticed Dowan
  4555 | D:4      | Noticed Duvessa
  4564 | D:4      | Killed Dowan
  4586 | D:4      | Killed Duvessa
  5338 | D:4      | Noticed Menkaure
  5350 | D:4      | Killed Menkaure
  5350 | D:4      | Reached skill level 8 in Fighting
  5350 | D:4      | Reached XP level 8. HP: 34/74 MP: 8/8
  5762 | D:4      | Noticed Pikel
  5774 | D:4      | Killed Pikel
  5774 | D:4      | Reached skill level 9 in Fighting
  6062 | D:5      | Entered Level 5 of the Dungeon
  6216 | D:5      | Found a sparkling altar of Nemelex Xobeh.
  6404 | D:5      | Noticed Dirtsage's ghost (novice OpGl)
  6421 | D:5      | Killed Dirtsage's ghost
  6421 | D:5      | Reached XP level 9. HP: 66/85 MP: 9/9
  6581 | D:5      | Reached **** piety under Trog
  6655 | D:5      | Reached skill level 10 in Fighting
  7031 | D:5      | Found an iron altar of Okawaru.
  8020 | D:6      | Found a stormy altar of Qazlal.
  8178 | D:6      | Found a staircase to the Ecumenical Temple.
  8204 | D:6      | Found a sacrificial altar of Ru.
  8980 | D:7      | Reached ***** piety under Trog
  9005 | D:7      | Reached skill level 10 in Polearms
  9007 | D:7      | Received a gift from Trog
  9266 | D:7      | Found a shattered altar of Ashenzari.
  9438 | D:7      | Found an oddly glowing altar of Pakellas.
  9487 | D:7      | Found an opulent altar of Gozag.
  9487 | D:7      | Found a glowing silver altar of Zin.
  9492 | D:7      | Reached skill level 11 in Fighting
  9614 | D:7      | Found a white marble altar of Elyvilon.
  9791 | D:7      | Got a faintly glowing cloak
  9797 | D:7      | Identified the +2 cloak of the Sea {+Fly Dex+5} (You found it on level 7 of the Dungeon)
 10055 | D:7      | Identified a scroll of acquirement
 10370 | D:8      | Found a staircase to the Lair.
 10459 | D:8      | Reached XP level 10. HP: 89/96 MP: 10/10
 10584 | D:8      | Noticed Psyche
 10590 | D:8      | Cast into level 2 of the Abyss (Psyche)
 10613 | Abyss:2  | Found a deep blue altar of Sif Muna.
 10659 | Abyss:2  | Noticed a great orb of eyes
 10701 | Abyss:2  | Noticed a wretched star
 10718 | Abyss:2  | Killed from afar by a wretched star

Vault maps used:
D:1:      scummos_arrival_checkerplants, due_unseen_surprise
D:2:      lemuel_upstairs_altar, tso_metal_star, ecumenical_altar_2,
          uniq_natasha, uniq_terence, uniq_iyjb
D:3:      first_bread, uniq_sigmund, uniq_robin, uniq_jessica
D:4:      kiku_gazebo_pond_becter, minmay_misc_feat_tower,
          hangedman_abyss_or_decor_stagger, uniq_edmund, uniq_menkaure,
          uniq_duvessa, uniq_pikel
D:5:      kennysheep_mini_moat, nemelex_xobeh_ov_fountains_minmay
D:6:      nicolae_overflow_hidden_temple, lemuel_doored_altar,
          nicolae_qazlal_style_of_elements, minmay_temple_entry_fiery,
          kennysheep_potato
D:7:      grunt_temple_overflow_gold_and_silver, ashenzari_conservatory_becter,
          old_standard_altar, lemuel_crystal_altar
D:8:      lair_0_dummy, hangedman_pestilent_swarm, grunt_pakellas_mercury,
          uniq_psyche

Action                   |  1- 3 |  4- 6 |  7- 9 | 10-12 || total
-------------------------+-------+-------+-------+-------++-------
Melee: Spear             |   109 |   336 |   730 |       ||  1175
       Glaive            |       |       |    60 |    10 ||    70
Invok: Berserk           |     1 |     4 |     4 |       ||     9
 Abil: Breathe Dispellin |       |       |     3 |       ||     3
  Use: Scroll            |     3 |     8 |    17 |       ||    28
       Potion            |       |       |     5 |       ||     5
  Eat: Chunk             |     1 |    12 |    17 |     2 ||    32
       Fruit             |       |     3 |       |       ||     3
       Bread ration      |       |       |     2 |       ||     2
